 Dungeon Crawl Stone Soup version 0.31-a0-836-g3ceb0a68c4 (webtiles) character file.

Game seed: 12421579197415487944

2153 Kurtz the Cleaver (level 9, 0/60 HPs)
             Began as an Octopode Fighter on Sept 27, 2023.
             Was an Initiate of Okawaru.
             Slain by a killer bee (7 damage)
             ... on level 7 of the Dungeon.
             The game lasted 00:05:45 (5813 turns).

Kurtz the Cleaver (Octopode Fighter)                Turns: 5813, Time: 00:05:46

Health: 0/60       AC:  1    Str: 15    XL:     9   Next: 31%
Magic:  9/9        EV: 14    Int: 11    God:    Okawaru [......]
Gold:   378        SH:  5    Dex: 15    Spells: 8/8 levels left

rFire   + . .        a - +0 war axe
rCold   + + .        b - +0 buckler
rNeg    . . .        (helmet restricted)
rPois   +            s - amulet of regeneration
rElec   +            m - ring of protection from cold
rCorr   +            (no ring)
SInv    .            (no ring)
Will    .....        (no ring)
Stlth   ++           (no ring)
HPRegen 1.10/turn    (no ring)
MPRegen 0.11/turn    (no ring)
                     (no ring)

%: no passive effects
@: resistant
A: almost no armour, amphibious, 8 rings, camouflage 1, gelatinous body 1,
(nimble swimmer 1), tentacles
a: Renounce Religion


You were on level 7 of the Dungeon.
You worshipped Okawaru.
Okawaru was noncommittal.
You visited 2 branches of the dungeon, and saw 8 of its levels.

You collected 378 gold pieces.

Inventory:

Hand Weapons
 a - a +0 war axe (weapon)
Missiles
 h - 8 poisoned darts
 t - 2 throwing nets
 x - 6 javelins (quivered)
Armour
 b - a +0 buckler (worn)
Jewellery
 m - a ring of protection from cold (left tentacle)
 s - an amulet of regeneration (around mantle)
Scrolls
 e - a scroll of torment {unknown}
 g - a scroll of fear {unknown}
 i - a scroll of vulnerability {unknown}
 j - a scroll of enchant armour {unknown}
 k - 2 scrolls of revelation {unknown}
 l - a scroll of amnesia {unknown}
 n - a scroll of poison {unknown}
 u - a scroll of butterflies {unknown}
 v - 2 scrolls of blinking {unknown}
Potions
 c - 3 potions of heal wounds
 r - 4 potions of enlightenment
 w - a potion of magic {unknown}


   Skills:
 * Level 4.8 Fighting
 * Level 11.3 Axes
 * Level 3.9 Dodging
 - Level 3.0 Shields


You had 8 spell levels left.
You didn't know any spells.
Your spell library contained the following spells:

 Spells                   Type           Power      Damage    Failure   Level
 Kiss of Death            Conj/Necr      0%         2d5       43%         1
 Cigotuvi's Dreadful Rot  Necr/Pois/Air  0%         N/A       56%         2
 Poisonous Vapours        Pois/Air       0%         N/A       56%         2
 Sublimation of Blood     Necr           0%         N/A       56%         2
 Wereblood                Tmut           0%         N/A       56%         2
 Confusing Touch          Hex            0%         N/A       80%         3
 Ignite Poison            Fire/Tmut/Pois 0%         N/A       80%         3
 Mephitic Cloud           Conj/Pois/Air  0%         N/A       80%         3
 Dispel Undead            Necr           0%         3d6       99%         4
 Petrify                  Tmut/Erth      0%         N/A       99%         4
 Freezing Cloud           Conj/Ice/Air   0%         6-21      100%        5
 Irradiate                Conj/Tmut      0%         3d11      100%        5
 Summon Hydra             Summ           Unusable   N/A       N/A         7

Dungeon Overview and Level Annotations

Branches:
Dungeon (7/15)             Temple (1/1) D:5

Altars:
Elyvilon
Fedhas
Hepliaklqana
Kikubaaqudgha
Nemelex Xobeh
Okawaru
Qazlal
Ru
Sif Muna
Trog
Uskayaw
Vehumet
Xom
Yredelemnul
Zin
The Shining One

Annotations:
D:4 1 runed translucent door, Crazy Yiuf


Innate Abilities, Weirdness & Mutations

You cannot wear most types of armour.
You are amphibious.
You can wear up to eight rings at the same time.
Your skin changes colour to match your surroundings (Stealth+).
Your rubbery body absorbs attacks. (AC +1, EV +1)
((You are camouflaged when in or above water. (Stealth+)))
You have tentacles for arms and can constrict up to eight enemies at once.


Message History

You slash the killer bee!
You kill the killer bee!
Okawaru accepts your kill.
You feel sick. You block the killer bee's attack.
Unknown command.
You miss the killer bee. Your grab misses the killer bee.
You feel sick. The killer bee stings you. The killer bee stings you!
You barely miss the killer bee. Your grab misses the killer bee.
You feel sick. The killer bee closely misses you. The killer bee stings you!
Unknown command.
You feel better. The killer bee stings you!
The killer bee completely misses you.
You miss the killer bee. Your grab misses the killer bee.
Your squeeze misses the killer bee. The killer bee stings you!
* * * LOW HITPOINT WARNING * * *
You block the killer bee's attack.
Unknown command.
You closely miss the killer bee. You grab the killer bee.
You squeeze the killer bee!
The killer bee is heavily wounded.
You constrict the killer bee. You block the killer bee's attack. x2
Unknown command.
You hit the killer bee.
The killer bee is severely wounded.
You constrict the killer bee. The killer bee barely misses you.
You block the killer bee's attack.
Unknown command.
You barely miss the killer bee.
The killer bee is almost dead.
You constrict the killer bee.
You kill the killer bee!
Okawaru accepts your kill. The killer bee stings you!
* * * LOW HITPOINT WARNING * * *
You hit the killer bee but do no damage.
Your grab misses the killer bee. Your squeeze misses the killer bee.
The killer bee stings you.
* * * LOW HITPOINT WARNING * * *
The killer bee stings you!
You die...

### ..# #.# #.#
#### #.# #...#
###.#######
#..##.)........
#{y@.#.######.
#oy####.# ....#
#.# ...### #<#
#. #.# # #.#
#.# #.# #..


You could see 2 killer bees and an orc.

Vanquished Creatures
  Grinder (D:4)
  Sigmund (D:3)
  An ice beast (D:5)
  A black bear (D:4)
  A centaur (D:6)
  3 phantoms
  A gnoll sergeant (D:6)
  5 scorpions
  8 killer bees
  2 orc priests (D:4)
  A hound (D:6)
  2 sleepcaps
  Jessica (D:2)
  4 iguanas
  3 orc wizards (D:4)
  Terence (D:3)
  4 gnolls (D:6)
  8 adders
  A white imp (D:6)
  An ufetubus (D:5)
  A worm (D:2)
  2 dart slugs (D:1)
  17 orcs
  6 ball pythons
  4 bats
  4 endoplasms
  7 giant cockroaches
  8 goblins
  5 hobgoblins
  12 jackals
  5 quokkas
  2 frilled lizards (D:1)
  4 kobolds
  3 rats
130 creatures vanquished.

Notes
Turn   | Place    | Note
-------+----------+-------------------------------------------
     0 | D:1      | Kurtz the Octopode Fighter began the quest for the Orb.
     0 | D:1      | Reached XP level 1. HP: 16/16 MP: 1/1
   156 | D:1      | Reached XP level 2. HP: 21/21 MP: 2/2
   184 | D:1      | Found a faded altar of an unknown god.
   350 | D:1      | Reached skill level 3 in Axes
   471 | D:1      | Reached XP level 3. HP: 22/26 MP: 3/3
  1051 | D:2      | Reached skill level 4 in Axes
  1060 | D:2      | Reached XP level 4. HP: 14/31 MP: 4/4
  1586 | D:2      | Noticed Jessica
  1595 | D:2      | Killed Jessica
  1805 | D:3      | Reached skill level 5 in Axes
  1805 | D:3      | Reached XP level 5. HP: 28/36 MP: 5/5
  2038 | D:3      | Noticed Terence
  2047 | D:3      | Killed Terence
  2275 | D:3      | Found a faded altar of an unknown god.
  2304 | D:3      | Found a shimmering blue altar of Sif Muna.
  2415 | D:3      | Noticed Sigmund
  2426 | D:3      | HP: 3/81 [poisoned by an adder]
  2430 | D:3      | Killed Sigmund
  2431 | D:3      | Reached skill level 6 in Axes
  2431 | D:3      | Reached XP level 6. HP: 5/42 MP: 6/6
  2597 | D:3      | Found a glowing golden altar of the Shining One.
  2666 | D:4      | Reached skill level 7 in Axes
  2780 | D:5      | Entered Level 5 of the Dungeon
  2956 | D:4      | Reached XP level 7. HP: 32/46 MP: 7/7
  3271 | D:4      | Reached skill level 8 in Axes
  3587 | D:4      | Noticed Grinder
  3600 | D:4      | Paralysed by Grinder for 5 turns
  3611 | D:4      | Killed Grinder
  3655 | D:4      | Reached skill level 9 in Axes
  3661 | D:4      | Reached XP level 8. HP: 23/52 MP: 8/8
  3912 | D:4      | Found a runed translucent door.
  3913 | D:4      | Noticed Crazy Yiuf
  4366 | D:5      | Reached skill level 10 in Axes
  4704 | D:5      | Found a staircase to the Ecumenical Temple.
  4758 | Temple   | Entered the Ecumenical Temple
  4762 | Temple   | Became a worshipper of Warmaster Okawaru
  5136 | D:6      | Found an ancient bone altar of Kikubaaqudgha.
  5139 | D:6      | Found a sparkling altar of Nemelex Xobeh.
  5346 | D:6      | Reached XP level 9. HP: 33/58 MP: 9/9
  5588 | D:6      | Reached skill level 11 in Axes
  5813 | D:7      | Slain by a killer bee

Illustrated notes

Levels and vault maps discovered:
D:1:      onia_arrival_mini_spirals, layout_basic,
          hellmonk_ecumenical_altar_crossroads
D:2:      layout_rooms, corexii_corridor_pit, uniq_jessica
D:3:      layout_basic, nicolae_overflow_ecumenical_swirl,
          mainiacjoe_overflow_brackets, uniq_terence, uniq_sigmund
D:4:      kennysheep_spiral_hall, layout_basic, uniq_crazy_yiuf_cottage,
          uniq_grinder
D:5:      layout_loops_ring, temple_doors_ab
D:6:      layout_loops_ring, minitemple,
          chequers_temple_overflow_statue_of_worship, chequers_jeans
D:7:      layout_loops_ring, kennysheep_generic_room_9, uniq_maggie,
          uniq_menkaure, uniq_jeremiah
Temple:   hellmonk_temple_two_chambers

Skill      XL: |  1  2  3  4  5  6  7  8  9 |
---------------+----------------------------+-----
Axes           | 3 4 5 6 7 9 10 11 | 11.3
Fighting       | 4 |  4.8
Dodging        | |  3.9
Shields        | |  3.0

Action                     |  1- 3 |  4- 6 |  7- 9 || total
---------------------------+-------+-------+-------++-------
  Melee: War axe           |    63 |    71 |   182 ||   316
         Constrict         |    21 |    18 |    37 ||    76
         Tentacles         |    15 |    10 |    41 ||    66
         Punch             |     1 |     1 |     2 ||     4
  Throw: Dart              |       |       |     6 ||     6
         Javelin           |       |       |     2 ||     2
    Use: Potion            |       |     4 |     5 ||     9
         Scroll            |       |       |     6 ||     6
   Stab: Sleeping          |     5 |     6 |     3 ||    14
 Armour: Skin              |    29 |    40 |   116 ||   185
  Dodge: Dodged            |    53 |    40 |    97 ||   190
  Block: Buckler           |    14 |    14 |    45 ||    73

Table legend: (Time is in decaauts)
 A = Elapsed time spent in this place.
 B = Non-inter-level travel time spent in this place.
 C = Inter-level travel time spent in this place.
 D = Time resting spent in this place.
 E = Time spent auto-exploring this place.
 F = Levels seen in this place.
 G = Mean time per level.
                   A        B        C        D        E       F      G
               +--------+--------+--------+--------+--------+-----+--------+
         Total |   5883 |   5660 |    223 |   1461 |   3207 |   8 |  735.4 |
       Dungeon |   5874 |   5659 |    215 |   1461 |   3207 |   7 |  839.1 |
        Temple |      8 |      1 |      7 |      0 |      0 |   1 |    8.0 |
               +--------+--------+--------+--------+--------+-----+--------+

Top non-repeatable levels by time:
     D:4: 1476 daAuts
     D:5: 985 daAuts
     D:1: 980 daAuts
     D:2: 943 daAuts
     D:3: 790 daAuts
     D:6: 662 daAuts
     D:7: 36 daAuts
  Temple: 8 daAuts
